 Dungeon Crawl Stone Soup version 0.13-a0-1710-g777f831 (console) character file.

216 Kellhus the Ruinous (level 4, 0/30 HPs)
             Began as a Gargoyle Wizard on June 21, 2013.
             Succumbed to a kobold's poison
             ... on Level 3 of the Dungeon.
             The game lasted 00:02:50 (2112 turns).

Kellhus the Ruinous (Gargoyle Wizard)               Turns: 2112, Time: 00:02:50

HP   0/30        AC  3     Str 10      XL: 4   Next: 68%
MP  10/11        EV 12     Int 20      God:
Gold 119         SH  0     Dex  8      Spells:  1 memorised,  8 levels left

Res.Fire  : + . .   See Invis. : .   (no weapon)
Res.Cold  : + + .   Warding    : .   a - +0 robe
Life Prot.: + . .   Conserve   : .   (no shield)
Res.Poison: +       Res.Corr.  : .   e - +1 cap
Res.Elec. : +       Clarity    : .   (no cloak)
Sust.Abil.: . .     Spirit.Shd : .   (no gloves)
Res.Mut.  : .       Stasis     : .   (no boots)
Res.Rott. : .       Flight     : +   (no amulet)
Saprovore : . . .                    (no ring)
                                     (no ring)

@: flying, quite poisoned, slightly resistant to hostile enchantments, fairly
stealthy
A: fangs 1, talons 2, cold resistance 1, life protection 1, slow metabolism 1,
petrification resistance, trample resistance
a: no special abilities


You were on level 3 of the Dungeon.
You were not hungry.

You visited 1 branch of the dungeon, and saw 3 of its levels.

You collected 99 gold pieces.

Inventory:

Hand weapons
 o - a +0 blowgun
Missiles
 p - 11 poisoned needles
Armour
 a - a +0 robe (worn)
 b - a +0 wizard hat
 e - a +1 cap (worn)
Comestibles
 d - a bread ration
 k - a cheese
Scrolls
 f - a scroll of fog {unknown}
 g - a scroll of identify {unknown}
 j - a scroll of recharging {unknown}
 m - 2 scrolls of curse weapon {unknown}
Potions
 i - a potion of flight
 l - a potion of curing {unknown}
 n - a potion of poison {unknown}
Books
 c - a book of Minor Magic

   Spells                             Type                      Level
   *Magic Dart                        Conjuration                  1
   Blink                              Translocation                2
   Call Imp                           Summoning                    2
   Repel Missiles                     Charms/Air                   2
   Slow                               Hexes                        2
   Conjure Flame                      Conjuration/Fire             3
   Mephitic Cloud                     Conjuration/Poison/Air       3


   Skills:
 - Level 1.7 Dodging
 - Level 2.1 Stealth
 - Level 3.0 Spellcasting
 + Level 4.8 Conjurations
   Level 0.8 Summonings
   Level 0.8 Translocations


You had 8 spell levels left.
You knew the following spells:

 Your Spells              Type           Power        Failure   Level  Hunger
a - Magic Dart            Conj           ###.         1%          1    None


Dungeon Overview and Level Annotations

Branches:
Dungeon (3/27)

Altars:


Innate Abilities, Weirdness & Mutations

You have very sharp teeth.
You have razor-sharp toenails.
Your flesh is cold resistant.
You resist negative energy.
You have a slow metabolism.
You are immune to petrification.
You are resistant to trampling.


Message History

* * * LOW HITPOINT WARNING * * *
You feel sick.
* * * LOW HITPOINT WARNING * * *
You feel sick.
* * * LOW HITPOINT WARNING * * *
You feel sick.
* * * LOW HITPOINT WARNING * * *
You feel sick.
A hobgoblin comes into view.
* * * LOW HITPOINT WARNING * * *
You feel sick.
* * * LOW HITPOINT WARNING * * *
You feel sick.
Drink which item? (? for menu, Esc to quit)
You feel very buoyant.
You fly up into the air.
It was a potion of flight.
Drink which item? (? for menu, Esc to quit)
You feel protected.
It was a potion of resistance.
You die...

# #...........%.###. #.
#................. .##..
#.................
g....###.............###.
.....................#
#..................#
#.>............!...#
#.####.............#
#@####........# #.#
#........# #.# #........#
#.# #..####..# #.# #..# .
###.####.(# .........(.#
...........# .....###...#


There were no monsters in sight!

Vanquished Creatures
  A worker ant (D:3)
  An adder (D:2)
  4 giant geckos
  3 oozes (D:1)
  3 giant cockroaches
  4 goblins (D:1)
  7 hobgoblins
  3 jackals (D:2)
  A quokka (D:3)
  2 ball pythons
  9 bats
  2 giant newts (D:1)
  8 kobolds
  7 rats
55 creatures vanquished.

Notes
Turn   | Place    | Note
--------------------------------------------------------------
     0 | D:1      | Kellhus, the Gargoyle Wizard, began the quest for the Orb.
     0 | D:1      | Reached XP level 1. HP: 12/12 MP: 5/5
   266 | D:1      | Reached XP level 2. HP: 13/18 MP: 0/7
   745 | D:1      | Reached XP level 3. HP: 1/24 MP: 1/9
  1494 | D:2      | Reached skill level 4 in Conjurations
  1526 | D:2      | Reached XP level 4. HP: 10/30 MP: 1/11
  2109 | D:3      | HP: 1/30 [poisoned by a kobold]
  2112 | D:3      | Succumbed to a kobold's poison

Action                   |  1- 3 |  4- 6 || total
-------------------------+-------+-------++-------
Melee: Unarmed           |    31 |       ||    31
 Cast: Magic Dart        |    91 |    31 ||   122
  Use: Potion            |       |     2 ||     2
